 Dungeon Crawl Stone Soup version 0.31.0-12-g77e489cdc1 (webtiles) character file.

Game seed: 18303651342832758463

2 spaghetti the Sneak (level 1, 0/18 HPs)
             Began as a Demonspawn Delver on Feb 16, 2024.
             Was a Follower of Uskayaw.
             Succumbed to a kobold's poison
             ... on level 4 of the Dungeon.
             The game lasted 00:01:22 (300 turns).

spaghetti the Sneak (Demonspawn Delver)              Turns: 300, Time: 00:01:22

Health: 0/18       AC:  8    Str: 12    XL:     1   Next: 33%
Magic:  1/1        EV: 11    Int: 10    God:    Uskayaw [*.....]
Gold:   12         SH:  0    Dex: 14    Spells: 0/0 levels left

rFire   . . .        a - +0 short sword
rCold   . . .        (no shield)
rNeg    . . .        b - +0 leather armour
rPois   .            h - +0 hat
rElec   .            k - +0 cloak
rCorr   .            (no gloves)
SInv    .            (no boots)
Will    .....        (no amulet)
Stlth   +++          j - +4 ring of protection
HPRegen 0.23/turn    (no ring)
MPRegen 0.07/turn

%: no passive effects
@: lethally poisoned (0 -> -1), on berserk cooldown, slowed, invisible, very
slow
A: no striking features
a: Renounce Religion, Stomp


You were on level 4 of the Dungeon.
You worshipped Uskayaw.
Uskayaw was noncommittal.
You visited 2 branches of the dungeon, and saw 4 of its levels.

You collected 12 gold pieces.

Inventory:

Hand Weapons
 a - a +0 short sword (weapon)
 i - a +0 quarterstaff
Armour
 b - a +0 leather armour (worn)
 h - a +0 hat (worn)
 k - a +0 cloak (worn)
Jewellery
 j - a +4 ring of protection (left hand)
Wands
 g - a wand of digging (3)
Scrolls
 c - a scroll of fog
 d - a scroll of vulnerability {unknown}
 e - 2 scrolls of fear
Potions
 f - 4 potions of haste


   Skills:
 - Level 3.0 Fighting
 - Level 1.7 Short Blades
 - Level 1.7 Dodging
 + Level 4.6 Stealth
 + Level 0.5 Invocations


You couldn't memorise any spells.
You didn't know any spells.
Your spell library was empty.

Dungeon Overview and Level Annotations

Branches:
Dungeon (5/15)             Temple (1/1) D:4

Altars:
Ashenzari
Fedhas
Gozag
Hepliaklqana
Makhleb
Okawaru
Ru
Trog
Uskayaw
Wu Jian


Message History

A kobold comes into view.
It is wielding a +0 short sword and quivering poisoned darts.
You see here a lumpy cyan potion.
m - a lumpy cyan potion The kobold shouts!
The kobold throws a poisoned dart.
The poisoned dart hits you!
You are poisoned.
You feel sick.
The kobold throws a poisoned dart.
The poisoned dart barely misses you.
You feel sick.
You feel sick.
The kobold throws a poisoned dart.
The poisoned dart hits you!
You are more poisoned.
You feel very sick. The kobold closely misses you.
You closely miss the kobold.
You feel very sick. The kobold closely misses you.
You closely miss the kobold.
You feel sick.
The kobold hits you with a +0 short sword.
* * * LOW HITPOINT WARNING * * *
It was a potion of berserk rage.
A red film seems to cover your vision as you go berserk!
You feel yourself moving faster!
You feel mighty!
* * * LOW HITPOINT WARNING * * *
You feel sick. The kobold closely misses you.
You barely miss the kobold.
You feel sick. The kobold barely misses you.
You hit the kobold.
You kill the kobold!
You can now stomp with the beat.
You are too berserk!
You feel sick.
You feel a strong urge to attack something.
You feel sick.
You feel your anger nearly subside.
You are no longer berserk.
You are exhausted.
You feel yourself slow down.
* * * LOW HITPOINT WARNING * * *
You feel sick.
It was a potion of invisibility.
You fade into invisibility!
You die...

#.. #.# ##.. #... ##..#
.... ########## #...
#........# #... ##@####
#<# ###..# #.....#
#.####.#..# #.....#
#.......... #)....#
#.####.....
#.....###.####....#
######.....##...........
#..........##..#........
#.####.....##..#........
#.....##....#####..


There were no monsters in sight!

Vanquished Creatures
  A quokka (D:4)
  2 kobolds (D:4)
3 creatures vanquished.

Notes
Turn   | Place    | Note
-------+----------+-------------------------------------------
     0 | D:5      | spaghetti the Demonspawn Delver began the quest for the
                  | Orb.
     0 | D:5      | Reached XP level 1. HP: 18/18 MP: 1/1
    30 | D:4      | Noticed a black bear
    55 | D:4      | Found a staircase to the Ecumenical Temple.
    66 | Temple   | Entered the Ecumenical Temple
   103 | Temple   | Became a worshipper of Uskayaw the Reveller
   295 | D:4      | Reached * piety under Uskayaw
   300 | D:4      | Succumbed to a kobold's poison

Illustrated notes

Levels and vault maps discovered:
D:3:      layout_basic, cheibriados_altar_1, nicolae_tso_swordbearing_angel,
          kennysheep_boxes
D:4:      layout_basic, mainiacjoe_overflow_alcove_1, minmay_temple_entry_wispy,
          hellmonk_ghost_happy_afterlife
D:5:      layout_basic, elyvilon_altar_3, zin_angel, uniq_menkaure
Temple:   hellmonk_temple_beads

Action                     || total
---------------------------++-------
  Melee: Short sword       ||    24
    Use: Potion            ||     2
         Scroll            ||     1
 Armour: Leather armour    ||    10
  Dodge: Dodged            ||    16
